 Dungeon Crawl Stone Soup version 0.23-a0-143-g1adec7b (webtiles) character file.

83 mopl the Chopper (level 4, -1/35 HPs)
             Began as a Demonspawn Fighter on Sept 3, 2018.
             Slain by Sigmund
             ... wielding a +3 vampiric scythe
              (3 damage)
             ... on level 2 of the Dungeon.
             The game lasted 00:01:57 (1135 turns).

mopl the Chopper (Demonspawn Fighter)               Turns: 1135, Time: 00:01:58

Health: -1/35      AC:  6    Str: 17    XL:     4   Next: 22%
Magic:  4/4        EV:  6    Int: 10    God:
Gold:   58         SH:  8    Dex: 12    Spells: 3/3 levels left

rFire    + . .     SeeInvis .   a - +0 war axe
rCold    + . .     Gourm    .   c - +0 shield
rNeg     . . .     Faith    .   b - +0 scale mail
rPois    +         Spirit   .   (helmet restricted)
rElec    +         Reflect  .   (no cloak)
rCorr    +         Harm     .   (no gloves)
MR       .....                  (no boots)
Stlth    ..........             (no amulet)
HPRegen  0.11/turn              (no ring)
MPRegen  0.09/turn              (no ring)

@: resistant
A: antennae 1, foul stench 1, rot immunity
a: no special abilities


You were on level 2 of the Dungeon.
You were not hungry.

You visited 1 branch of the dungeon, and saw 2 of its levels.

You collected 58 gold pieces.

Inventory:

Hand Weapons
 a - a +0 war axe (weapon)
Missiles
 k - 4 javelins of penetration (quivered)
Armour
 b - a +0 scale mail (worn)
 c - a +0 shield (worn)
Scrolls
 h - a scroll of remove curse {unknown}
 i - 2 scrolls of teleportation {unknown}
 j - a scroll of enchant armour {unknown}
Potions
 d - a potion of might
 g - a potion of heal wounds {unknown}
Comestibles
 f - 4 rations
 l - 3 chunks of flesh


   Skills:
 - Level 3.0 Fighting
 + Level 4.1 Axes
 - Level 2.6 Armour
 - Level 2.6 Shields


You had 3 spell levels left.
You didn't know any spells.
Your spell library was empty.

Dungeon Overview and Level Annotations

Branches:
Dungeon (2/15)

Altars:
Ru

Annotations:
D:2 Sigmund


Innate Abilities, Weirdness & Mutations

You have a pair of small antennae on your head.
You may emit foul miasma when damaged in melee.
You are immune to rotting.


Message History

You slash Sigmund!
Sigmund is heavily wounded.
You hit Sigmund.
Sigmund is heavily wounded.
Sigmund completely misses you.
You hit Sigmund.
Sigmund is severely wounded.
You block Sigmund's attack.
Your shield prevents you from hitting Sigmund.
Sigmund is severely wounded.
You block Sigmund's attack.
You hit Sigmund.
Sigmund is almost dead.
Sigmund hits you with a vampiric scythe!
* * * LOW HITPOINT WARNING * * *
Sigmund draws strength from your wounds!
It was a potion of resistance.
You feel protected.
Sigmund hits you with a vampiric scythe.
You die...

........ .###### .# [#
#######
.############.....#
.#.........##.....#
.#.........##.....#
...........##...@.#
...........##...@.#
...........##.....#
.#.........##.....#
.#.........##.....#######
.####...................#
.# #.#################.#
.# #............# #.#
.###############.# #.#
............####.######.#


You could see Sigmund.

Vanquished Creatures
  An adder (D:2)
  A worm (D:2)
  2 dart slugs
  4 leopard geckos
  4 bats (D:1)
  2 giant cockroaches
  6 goblins
  14 hobgoblins
  7 jackals (D:1)
  A quokka (D:2)
  5 frilled lizards
  4 kobolds (D:1)
  5 rats
56 creatures vanquished.

Notes
Turn   | Place    | Note
-------+----------+-------------------------------------------
     0 | D:1      | mopl the Demonspawn Fighter began the quest for the Orb.
     0 | D:1      | Reached XP level 1. HP: 18/18 MP: 1/1
    30 | D:1      | Reached skill level 2 in Axes
    62 | D:1      | Gained mutation: You have a pair of small antennae on your
                  | head. [demonic ancestry]
    62 | D:1      | Reached XP level 2. HP: 21/24 MP: 2/2
   277 | D:1      | Reached skill level 3 in Axes
   451 | D:1      | Gained mutation: You are immune to rotting. [demonic
                  | ancestry]
   451 | D:1      | Reached XP level 3. HP: 25/29 MP: 3/3
   938 | D:2      | Found a sacrificial altar of Ru.
   962 | D:2      | Gained mutation: You may emit foul miasma when damaged in
                  | melee. [demonic ancestry]
   962 | D:2      | Reached XP level 4. HP: 35/35 MP: 4/4
  1015 | D:2      | Reached skill level 4 in Axes
  1121 | D:2      | Noticed Sigmund
  1134 | D:2      | HP: 1/35 [Sigmund/vampiric scythe (9)]
  1135 | D:2      | Slain by Sigmund

Vault maps used:
D:1:      onia_arrival_pyramid
D:2:      cheibrodos_greedy_goblins, nicolae_ru_awakened_eye, uniq_sigmund

Skill      XL: |  1  2  3  4 |
---------------+-------------+-----
Axes           | 2 3 4 |  4.1
Fighting       | |  3.0
Armour         | |  2.6
Shields        | |  2.6

Action                   |  1- 3 |  4- 6 || total
-------------------------+-------+-------++-------
Melee: War axe           |   163 |    32 ||   195
  Use: Potion            |       |     1 ||     1
  Eat: Chunk             |     1 |       ||     1
Armor: Scale mail        |    99 |     8 ||   107
Dodge: Dodged            |    61 |     6 ||    67
Block: Shield            |   100 |    14 ||   114

Table legend:
 A = Non-vault XP
 B = Vault XP
 C = Vault XP percentage of total XP
 D = Non-vault monster count
 E = Vault monster count
 F = Vault count percentage of total count
                 A         B        C        D         E       F
            +---------+---------+-------+---------+---------+-------
      Total |      97 |      22 |  18.5 |      45 |      11 |  19.6
            +---------+---------+-------+---------+---------+-------
        D:1 |      64 |       0 |   0.0 |      36 |       0 |   0.0
        D:2 |      33 |      22 |  40.0 |       9 |      11 |  55.0
            +---------+---------+-------+---------+---------+-------
